 Dungeon Crawl Stone Soup version 0.18-a0-265-g7d804c3 (webtiles) character file.

542 Ordine the Changer (level 7, 0/43 HPs)
             Began as an Octopode Transmuter on Nov 26, 2015.
             Slain by an orc priest
             ... wielding a +0 hand axe
              (5 damage)
             ... on level 4 of the Dungeon.
             The game lasted 00:14:55 (5321 turns).

Ordine the Changer (Octopode Transmuter)            Turns: 5321, Time: 00:14:55

Health: 0/43       AC:  2    Str:  7 (9)  XL:     7   Next: 27%
Magic:  8/10       EV: 20    Int: 17      God:
Gold:   204        SH:  0    Dex: 18      Spells: 2 memorised, 3 levels left

rFire  . . .     SeeInvis .       - Unarmed
rCold  . . .     Clarity  .     (shield currently unavailable)
rNeg   + . .     SustAt   .     (helmet currently unavailable)
rPois  x         Gourm    .     (no amulet)
rElec  .         Spirit   .     n - ring of positive energy
rCorr  .         Warding  .     (no ring)
rMut   .         Stasis   .     (no ring)
MR     .....                    (no ring)
Stlth  ++........               (no ring)
                                (no ring)
                                (no ring)
                                (no ring)

@: spider-form, not resistant to hostile enchantments, unstealthy
A: almost no armour, amphibious, 8 rings, (constrict 8), (camouflage 0),
(gelatinous body 0)
a: End Transformation


You were on level 4 of the Dungeon.
You were near starving.
You were a venomous arachnid creature.
You visited 1 branch of the dungeon, and saw 4 of its levels.

You collected 204 gold pieces.

Inventory:

Jewellery
 n - a ring of positive energy (left front leg)
Wands
 a - a wand of invisibility (1)
Scrolls
 e - 3 scrolls of teleportation
 f - 4 scrolls of remove curse
 h - a scroll of magic mapping
Potions
 d - a potion of resistance
 g - 2 potions of haste
 i - a potion of poison {unknown}
 j - a potion of brilliance
 k - a potion of curing
Books
 b - a book of Changes

   Spells                             Type                      Level
   a - Beastly Appendage              Transmutation                1
   b - Sticks to Snakes               Transmutation                2
   c - Spider Form                    Transmutation/Poison         3
   d - Ice Form                       Ice/Transmutation            4
   e - Blade Hands                    Transmutation                5
Comestibles
 c - 5 bread rations
 m - a royal jelly


   Skills:
 - Level 1.0 Fighting
 - Level 2.0 Dodging
 - Level 3.0 Unarmed Combat
 - Level 2.0 Spellcasting
 + Level 7.8 Transmutations


You had 3 spell levels left.
You knew the following spells:

 Your Spells              Type           Power        Failure   Level  Hunger
a - Spider Form           Trmt/Pois      ##........   32%         3    ###....
b - Ice Form              Ice/Trmt       ##......     67%         4    #####..


Dungeon Overview and Level Annotations

Branches:
Dungeon (4/15)
 Temple: D:4-7

Altars:
Elyvilon
Gozag
Makhleb
Ru
Trog
Xom

Annotations:
D:4 Azhtabak's ghost, amateur NaHu; Pikel


Innate Abilities, Weirdness & Mutations

You cannot wear most types of armour.
You are amphibious.
You can wear up to eight rings at the same time.
((You can use your tentacles to constrict eight enemies at once.))
((Your skin changes colour to match your surroundings (Stealth).))
((Your rubbery body absorbs attacks (AC +1).))


Message History

The orc closely misses you. The orc wizard completely misses you.
The orc priest barely misses you. The orc wizard misses you.
You barely miss the orc wizard.
The orc wizard is severely wounded.
You hit the orc wizard but do no damage.
The orc wizard looks even sicker.
The orc wizard is severely wounded.
You are near starving!
You kill the orc wizard!
The orc closely misses you. The orc wizard casts a spell at you.
The magic dart hits you!
* * * LOW HITPOINT WARNING * * *
The orc priest casts a cantrip, but nothing happens.
Unknown command.
Drink which item? (? for menu, Esc to quit)
Okay, then.
You barely miss the orc priest. The orc wizard closely misses you.
The orc priest hits you with a hand axe.
You die...

#.# #.........#### #.#
#.............
##.########.........#####
.........................
...########......?..###.
...# ####........$#
...(................#
###########......o..#
..w....## #...(.s)..#
######..###.....oo..#
##.......#.........
#.......#..?......
#.......#.........
#.......#.........
#........##.######
#........ .# #w....... .#
p..


You could see an orc priest, an orc wizard and an orc.

Vanquished Creatures
  A slave (D:4)
  A giant frog (D:3)
  A crimson imp (D:3)
  A hound (D:3)
  3 orc wizards
  Crazy Yiuf (D:3)
  Ijyb (D:3)
  2 worker ants (D:4)
  Robin (D:4)
  4 adders
  7 gnolls (D:3)
  A worm (D:2)
  7 giant geckos
  3 orcs (D:3)
  14 goblins
  11 hobgoblins
  2 jackals (D:1)
  17 kobolds
  A ball python (D:4)
  10 bats
  4 giant cockroaches
  3 giant newts
  A quokka (D:4)
  9 rats
106 creatures vanquished.

Notes
Turn   | Place    | Note
--------------------------------------------------------------
     0 | D:1      | Ordine the Octopode Transmuter began the quest for the Orb.
     0 | D:1      | Reached XP level 1. HP: 13/13 MP: 3/3
    88 | D:1      | Reached XP level 2. HP: 9/18 MP: 5/5
   837 | D:1      | Reached XP level 3. HP: 16/23 MP: 6/6
  1037 | D:1      | Learned a level 3 spell: Spider Form
  1203 | D:2      | Found a faded altar to an unknown god.
  1513 | D:2      | Reached skill level 4 in Transmutations
  1746 | D:2      | Reached XP level 4. HP: 13/28 MP: 7/7
  1903 | D:2      | Found a shimmering altar of Xom.
  1905 | D:2      | Found a bloodstained altar of Trog.
  1906 | D:2      | Found an opulent altar of Gozag.
  1906 | D:2      | Found a burning altar of Makhleb.
  1906 | D:2      | Found a white marble altar of Elyvilon.
  2486 | D:3      | Reached skill level 5 in Transmutations
  2486 | D:3      | Reached XP level 5. HP: 18/33 MP: 8/8
  3226 | D:3      | Learned a level 4 spell: Ice Form
  3330 | D:3      | Reached skill level 6 in Transmutations
  3330 | D:3      | Reached XP level 6. HP: 18/38 MP: 5/9
  3524 | D:3      | Found a sacrificial altar of Ru.
  3594 | D:3      | Noticed Ijyb
  3611 | D:3      | Killed Ijyb
  4197 | D:3      | Reached skill level 7 in Transmutations
  4481 | D:3      | Noticed Crazy Yiuf
  4493 | D:3      | Killed Crazy Yiuf
  4618 | D:4      | Reached XP level 7. HP: 37/43 MP: 10/10
  4746 | D:4      | Noticed Robin
  4755 | D:4      | Killed Robin
  4881 | D:4      | Noticed Pikel
  4912 | D:4      | Noticed Azhtabak's ghost (amateur NaHu)
  5321 | D:4      | Slain by an orc priest

Vault maps used:
D:1:      sevenhm_arrival_forest_fort_small_4
D:2:      minitemple, ecumenical_altar_2, minmay_door_square, glass_columns_c
D:3:      lemuel_crystal_altar, uniq_iyjb, uniq_crazy_yiuf_cottage
D:4:      uniq_pikel, uniq_menkaure, uniq_robin

Action                   |  1- 3 |  4- 6 |  7- 9 || total
-------------------------+-------+-------+-------++-------
Melee: Unarmed           |    91 |   146 |    72 ||   309
 Cast: Spider Form       |       |     6 |     2 ||     8
  Use: Scroll            |     4 |    10 |     1 ||    15
       Potion            |       |     4 |     1 ||     5
 Stab: Sleeping          |     6 |     4 |       ||    10
  Eat: Chunk             |     2 |    10 |     2 ||    14
